AoeStats
← MikaelHei

Glade

510517940Analyzed
1v1 RM · 1d ago on Oct 1, 2026· 32m 50s· 2 players
Game mode
Random Map
Map size
Tiny (2 player)
Population
200
Speed
Normal
Resources
Standard
Victory
Conquest
Starting age
Dark Age
Ending age
Imperial Age
RankedLock teamsTeams togetherTeam positionsShared explorationLock speedFull tech treeHidden civsTurbo modeCheats
Victory
Defeat
🇫🇮 Aztecs · Finland
1339
+15
🇦🇷 Koreans · Argentina
1314
-15
joseguevara07-
4:53 Loom
9:42 Feudal Age
10:18 Double-Bit Axe
14:04 Wheelbarrow
13:49 Fletching
15:22 Horse Collar
20:54 Castle Age
21:05 Crossbowman
21:43 Bodkin Arrow
22:01 Gold Mining
27:42 Thumb Ring
MikaelHei
7:14 Loom
9:37 Feudal Age
9:49 Man-at-Arms
11:40 Horse Collar
12:29 Double-Bit Axe
16:09 Fletching
16:21 Padded Archer Armor
18:07 Wheelbarrow
21:55 Castle Age
20:06 Gold Mining
22:06 Elite Skirmisher
22:44 Bodkin Arrow
23:02 Bow Saw
23:56 Crossbowman
25:30 Gold Shaft Mining
28:05 Stone Mining
28:52 Hand Cart
32:50 Heavy Plow
Connection lost

Rejoining the realm…

Still unreachable

The connection could not be restored.

Session expired

The server has moved on; the page needs a fresh start.